 Dungeon Crawl Stone Soup version 0.18-a0-1773-gec4f98e (webtiles) character file.

282 dobroeutro the Skirmisher (level 6, -11/39 HPs)
             Began as a Gargoyle Fighter on Apr 14, 2016.
             Killed by nerve-wracking pain
             ... invoked by Grinder
              (13 damage)
             ... on level 2 of the Dungeon.
             The game lasted 00:05:14 (2656 turns).

dobroeutro the Skirmisher (Gargoyle Fighter)        Turns: 2656, Time: 00:05:15

Health: -11/39     AC: 11    Str: 21    XL:     6   Next: 28%
Magic:  6/6        EV:  7    Int:  8    God:
Gold:   121        SH:  9    Dex: 10    Spells: 0 memorised, 5 levels left

rFire  . . .     SeeInvis .     a - +0 flail
rCold  . . .     Gourm    .     b - +0 scale mail
rNeg   + . .     Faith    .     c - +0 shield
rPois  ∞         Spirit   .     (no helmet)
rElec  +         Dismiss  .     (no cloak)
rCorr  .         Reflect  .     (no gloves)
SustAt .         Harm     .     (no boots)
MR     .....                    (no amulet)
Stlth  ..........               (no ring)
                                (no ring)

@: not resistant to hostile enchantments, extremely unstealthy
A: negative energy resistance 1, electricity resistance, unbreathing,
petrification resistance, rot immunity, AC +4
a: no special abilities


You were on level 2 of the Dungeon.
You were not hungry.

You visited 1 branch of the dungeon, and saw 3 of its levels.

You collected 121 gold pieces.

Inventory:

Hand Weapons
 a - a +0 flail (weapon)
Armour
 b - a +0 scale mail (worn)
 c - a +0 shield (worn)
Wands
 r - a wand of slowing (22/48)
Scrolls
 e - a scroll of identify {unknown}
 g - a scroll of enchant weapon {unknown}
 k - a scroll of remove curse {unknown}
 l - 2 scrolls of teleportation {unknown}
Potions
 d - a potion of might
 h - a potion of heal wounds {unknown}
 j - a potion of lignification {unknown}
 m - 2 potions of curing {unknown}
 n - 2 potions of flight {unknown}
 o - 2 potions of cancellation {unknown}
 q - 2 potions of brilliance {unknown}
 s - a potion of haste {unknown}
Comestibles
 f - a bread ration
 i - a meat ration
 p - 3 fruits
 t - a beef jerky


   Skills:
 + Level 4.6 Fighting
 + Level 3.9 Maces & Flails
 + Level 4.6 Armour
 - Level 0.2 Dodging
 + Level 4.4 Shields


You had 5 spell levels left.
You didn't know any spells.

Dungeon Overview and Level Annotations

Branches:
Dungeon (3/15)

Altars:
Dithmenos
Makhleb
Zin

Annotations:
D:2 Grinder


Innate Abilities, Weirdness & Mutations

You are resistant to torment.
Your stone body is resilient (AC +4).
You are immune to poison.
You resist negative energy.
You are resistant to electric shocks.
You can survive without breathing.
You are immune to petrification.
You are immune to rotting.


Message History

You resist with significant effort. Grinder gestures at you.
Pain shoots through your body!
* * * LOW HITPOINT WARNING * * *
You can move again.
There is an open door here.
Grinder gestures at you. You resist with significant effort.
Grinder blinks!
You start resting.
Grinder gestures at you.
You suddenly lose the ability to move!
You can move again.
Unknown command.
Grinder gestures at you. Pain shoots through your body!
* * * LOW HITPOINT WARNING * * *
Grinder gestures at you. Pain shoots through your body!
You die...

.......# #.#
#....# .......#
#.# #....#
'######## #.#
#....# #.#.#.#.##
#.# #^...#
.........# #5#
#....# #5...§..###
#.# ######
..........# #.#
#.......#.# #.#
....>.....######@#
#.......#........#
..........########
#.#.#.#.#.#
.######...# .#
##### ##


You could see Grinder.

Vanquished Creatures
  Natasha (thrice) (D:2)
  7 gnolls
  7 adders
  2 oozes (D:1)
  2 worms
  2 dart slugs
  2 giant geckos (D:3)
  An orc (D:2)
  2 giant cockroaches
  6 goblins
  4 hobgoblins
  3 jackals (D:2)
  A quokka (D:3)
  A ball python (D:1)
  A ball python skeleton (D:2)
  3 bats
  6 giant newts
  7 kobolds
  9 rats
69 creatures vanquished.

Notes
Turn   | Place    | Note
--------------------------------------------------------------
     0 | D:1      | dobroeutro the Gargoyle Fighter began the quest for the Orb.
     0 | D:1      | Reached XP level 1. HP: 14/14 MP: 1/1
   169 | D:1      | Reached XP level 2. HP: 19/19 MP: 2/2
   467 | D:1      | Reached XP level 3. HP: 23/23 MP: 3/3
   756 | D:2      | Noticed Natasha
   773 | D:2      | Killed Natasha
   830 | D:2      | Reached XP level 4. HP: 26/29 MP: 4/4
   900 | D:2      | Noticed Natasha
   913 | D:2      | Killed Natasha
   936 | D:2      | Reached XP level 5. HP: 24/33 MP: 5/5
  1024 | D:2      | Noticed Natasha
  1031 | D:2      | Killed Natasha
  1226 | D:2      | Found a glowing silver altar of Zin.
  1359 | D:2      | Found a burning altar of Makhleb.
  1359 | D:2      | Found a shadowy altar of Dithmenos.
  1475 | D:3      | Noticed Grinder
  1538 | D:3      | Paralysed by Grinder for 2 turns
  1850 | D:3      | Paralysed by Grinder for 6 turns
  2134 | D:3      | Paralysed by Grinder for 5 turns
  2144 | D:3      | Paralysed by Grinder for 6 turns
  2284 | D:3      | Reached XP level 6. HP: 32/39 MP: 6/6
  2600 | D:2      | Paralysed by Grinder for 7 turns
  2622 | D:2      | Paralysed by Grinder for 5 turns
  2652 | D:2      | Paralysed by Grinder for 3 turns
  2656 | D:2      | Killed from afar by Grinder

Vault maps used:
D:1:      nicolae_arrival_washed_ashore, st_stairs_11, kennysheep_crisscross,
          minivault_19
D:2:      lemuel_round_altar, gammafunk_temple_overflow_elements, st_stairs_4,
          uniq_natasha
D:3:      grunt_decor_mini_mirrors, grunt_ministairs_15, uniq_grinder

Skill      XL: |  1  2  3  4 |
---------------+-------------+-----
Armour         | 4 |  4.6
Fighting       | 4 |  4.6
Shields        | 4 |  4.4
Maces & Flails | 3 |  3.9
Dodging        | |  0.2

Action                   |  1- 3 |  4- 6 || total
-------------------------+-------+-------++-------
Melee: Flail             |    92 |   235 ||   327
  Eat: Chunk             |       |     4 ||     4
       Meat ration       |       |     1 ||     1
Armor: Scale mail        |    52 |   133 ||   185
Dodge: Dodged            |    30 |    88 ||   118
Block: Shield            |    45 |   134 ||   179
